 Dungeon Crawl Stone Soup version 0.30-a0-587-gfd7c166f36 (webtiles) character file.

Game seed: 4615858566155885633

2016 Oxelix the Cleaver (level 9, -7/72 (81) HPs)
             Began as a Minotaur Berserker on Jan 4, 2023.
             Was a Priest of Trog.
             Mangled by Maggie
             ... wielding a +0 scimitar of draining
              (14 damage)
             ... on level 6 of the Dungeon.
             The game lasted 00:09:19 (4457 turns).

Oxelix the Cleaver (Minotaur Berserker)             Turns: 4457, Time: 00:09:19

HP:   -7/72 (81)    AC: 15    Str: 26    XL:     9   Next: 3%
MP:   8/8           EV:  9    Int:  4    God:    Trog [***...]
Gold: 343           SH:  0    Dex: 10    Spells: 8/8 levels left

rFire   + . .      SeeInvis .    r - +2 hand axe (elec)
rCold   + + +      Faith    .    (no shield)
rNeg    . . .      Spirit   .    h - +0 chain mail
rPois   +          Reflect  .    (helmet restricted)
rElec   +          Harm     .    w - +2 cloak
rCorr   +          Rampage  .    (no gloves)
Will    ++...                    G - +2 pair of boots Stlth
                                 (no amulet)
HPRegen 1.32/turn                q - ring of protection from cold
MPRegen 0.11/turn                t - ring of protection from cold

@: brilliant, resistant, strong-willed, on berserk cooldown, flying, mesmerised,
regenerating, slowed, heavily drained, very slow
A: horns 2, retaliatory headbutt
a: Renounce Religion, Berserk, Trog's Hand


You were on level 6 of the Dungeon.
You worshipped Trog.
Trog was most pleased with you.
You visited 1 branch of the dungeon, and saw 6 of its levels.

You collected 343 gold pieces.

Inventory:

Hand Weapons
 r - a +2 hand axe of electrocution (weapon)
 y - a +0 heavy hand axe
Missiles
 j - 3 silver boomerangs (quivered)
 u - 2 throwing nets
 F - 5 boomerangs
Armour
 h - a +0 chain mail (worn)
 w - a +2 cloak (worn)
 G - a +2 pair of boots (worn)
Jewellery
 q - a ring of protection from cold (left hand)
 t - a ring of protection from cold (right hand)
 x - an amulet of the acrobat
Wands
 a - a wand of quicksilver (6)
Scrolls
 b - 2 scrolls of teleportation {unknown}
 d - a scroll of poison {unknown}
 e - a scroll of fog {unknown}
 f - a scroll of butterflies {unknown}
 g - 6 scrolls of identify {unknown}
 k - 2 scrolls of enchant armour {unknown}
 p - a scroll of vulnerability {unknown}
 s - 5 scrolls of amnesia {unknown}
 v - a scroll of immolation {unknown}
 z - a scroll of noise {unknown}
 A - a scroll of fear {unknown}
 E - 3 scrolls of enchant weapon {unknown}
Potions
 c - 2 potions of brilliance
 i - 2 potions of resistance
 l - a potion of attraction {unknown}
 m - 2 potions of might {unknown}
 n - 3 potions of berserk rage {unknown}
 o - 3 potions of flight
 B - a potion of degeneration {unknown}
 C - a potion of invisibility {unknown}
 D - a potion of ambrosia {unknown}


   Skills:
 + Level 7.9 Fighting
 * Level 12.6 Axes
 - Level 2.4 Armour
 - Level 2.1 Dodging


You had 8 spell levels left.
You didn't know any spells.
Your spell library was empty.

Dungeon Overview and Level Annotations

Branches:
Dungeon (6/15)
 Temple: D:4-7

Altars:
Fedhas
Gozag
Hepliaklqana
Yredelemnul
Zin

Shops:
D:3 *   D:5 (

Annotations:
D:6 Maggie


Innate Abilities, Weirdness & Mutations

You have a pair of horns on your head.
You reflexively headbutt those who attack you in melee.


Message History

Maggie gestures wildly while chanting.
Maggie draws you further into her thrall.
You completely miss Maggie. Your headbutt misses Maggie.
Maggie is lightly wounded.
Maggie hits you with a +0 scimitar of draining.
You feel drained.
You hit Maggie. You headbutt Maggie, but do no damage.
Maggie is lightly wounded.
Maggie barely misses you. You furiously retaliate!
You headbutt Maggie! You slash Maggie! Lightning courses through Maggie!
Your headbutt misses Maggie.
Maggie is severely wounded.
Maggie points at you and mumbles some strange words.
The bolt of fire hits you!!
* * * LOW HITPOINT WARNING * * *
You hit Maggie but do no damage. You headbutt Maggie!
Maggie is almost dead.
Maggie hits you with a +0 scimitar of draining.
* * * LOW HITPOINT WARNING * * *
You feel drained.
It was a potion of brilliance.
You feel clever all of a sudden. Maggie hits you but does no damage.
You feel drained.
It was a potion of flight.
You feel very buoyant.
You fly up into the air.
Maggie gestures wildly while chanting.
Maggie draws you further into her thrall.
Maggie points at you and mumbles some strange words.
The bolt of fire misses you.
It was a potion of resistance.
You feel protected. Maggie barely misses you.
Your skin crawls.
You feel strong-willed.
Maggie mumbles some strange words.
Maggie draws you further into her thrall.
Maggie practices a pose.
Maggie hits you with a +0 scimitar of draining!
You die...

############### #
#######.....@@......#
..
.........#########.#
.##..###.#.# .
.....<. #.# #. #..##
#.# #..##..#####@#
#......).....#
#)###)@####### .
###).#


You could see Maggie (mesmerising).

Vanquished Creatures
  A wyvern (D:5)
  A water moccasin (D:5)
  A sky beast (D:6)
  A black bear (D:4)
  An ogre (D:5)
  A phantom (D:5)
  A kobold brigand (D:6)
  2 necrophages
  3 scorpions
  4 wights
  A centaur zombie (D:4)
  4 jellies
  Crazy Yiuf (D:3)
  A centaur skeleton (D:4)
  A bullfrog skeleton (D:4)
  2 hounds
  3 orc priests
  5 iguanas
  Ijyb (D:3)
  5 orc wizards
  A gnoll (D:1)
  7 adders
  A white imp (D:4)
  An ufetubus (D:4)
  2 worms
  The ghost of Citaku the Sneak, a weakling DgDe (D:4)
  3 dart slugs
  10 orcs
  7 ball pythons
  9 bats
  4 endoplasms
  6 giant cockroaches
  5 goblins
  5 hobgoblins
  3 jackals (D:1)
  4 quokkas
  3 frilled lizards
  8 kobolds
  8 rats
128 creatures vanquished.

Notes
Turn   | Place    | Note
-------+----------+-------------------------------------------
     0 | D:1      | Oxelix the Minotaur Berserker began the quest for the Orb.
     0 | D:1      | Reached XP level 1. HP: 19/19 MP: 0/0
    42 | D:1      | Reached skill level 4 in Axes
    77 | D:1      | Reached XP level 2. HP: 26/26 MP: 1/1
   171 | D:1      | Reached skill level 5 in Axes
   176 | D:1      | Reached XP level 3. HP: 22/31 MP: 2/2
   712 | D:2      | Reached ** piety under Trog
  1019 | D:2      | Found a hazy altar of Hepliaklqana.
  1407 | D:3      | Found a glowing silver altar of Zin.
  1437 | D:3      | Reached skill level 6 in Axes
  1437 | D:3      | Reached XP level 4. HP: 39/39 MP: 3/3
  1546 | D:3      | Found a runed translucent door.
  1547 | D:3      | Noticed Crazy Yiuf
  1617 | D:3      | Noticed Ijyb
  1627 | D:3      | Killed Ijyb
  1632 | D:3      | Reached skill level 7 in Axes
  1632 | D:3      | Reached XP level 5. HP: 33/45 MP: 4/4
  1826 | D:3      | Found Ickowkoo's Assorted Antiques.
  2288 | D:3      | Killed Crazy Yiuf
  2392 | D:4      | Reached skill level 8 in Axes
  2392 | D:4      | Found a transporter.
  2394 | D:4      | Noticed Citaku's ghost (weakling DgDe)
  2429 | D:4      | Noticed a black bear
  2434 | D:4      | Killed a black bear
  2435 | D:4      | Reached XP level 6. HP: 52/52 MP: 5/5
  2724 | D:4      | Found a basalt altar of Yredelemnul.
  2736 | D:4      | Reached skill level 9 in Axes
  2814 | D:4      | Reached XP level 7. HP: 60/60 MP: 6/6
  2975 | D:4      | Found a transporter.
  3106 | D:4      | Reached *** piety under Trog
  3110 | D:4      | Reached skill level 5 in Fighting
  3110 | D:4      | Killed Citaku's ghost
  3171 | D:5      | Entered Level 5 of the Dungeon
  3361 | D:5      | Reached skill level 10 in Axes
  3551 | D:5      | Reached XP level 8. HP: 70/70 MP: 7/7
  3632 | D:5      | Reached skill level 11 in Axes
  3856 | D:5      | Found Riumesh's Weapon Boutique.
  3991 | D:6      | Found a blossoming altar of Fedhas.
  4051 | D:6      | Reached skill level 12 in Axes
  4099 | D:6      | Found an opulent altar of Gozag.
  4422 | D:6      | Reached XP level 9. HP: 81/81 MP: 8/8
  4424 | D:6      | Noticed Maggie
  4457 | D:6      | Mangled by Maggie

Illustrated notes

Levels and vault maps discovered:
D:1:      heliophobic_arrival_battle_scene, layout_rooms, bh_walls_and_bars
D:2:      layout_loops_ring, basic_altar, serial_aquarium,
          aquarium_bridge_island_small [aquarium_subvault_small_water,
          aquarium_subvault_bridge, aquarium_subvault_wall,
          aquarium_subvault_wall, aquarium_subvault_window],
          aquarium_bridge_square [aquarium_subvault_bridge,
          aquarium_subvault_window, aquarium_subvault_bridge,
          aquarium_subvault_wall], aquarium_window_fake, aquarium_window_corner,
          aquarium_window_3, aquarium_window_corner, aquarium_view_2e,
          aquarium_view_2e
D:3:      layout_basic, mainiacjoe_overflow_paths, serial_shops,
          nicolae_shop_trees, uniq_crazy_yiuf_cottage, uniq_ijyb
D:4:      layout_cave_pods, mainiacjoe_overflow_boulevard,
          gammafunk_ghost_mausoleum, st_stairs_12
D:5:      layout_loops_ring, nicolae_stop_n_shop_1
D:6:      layout_loops_ring, fedhas_altar_1,
          mainiacjoe_overflow_small_starburst, grunt_ministairs_10, uniq_maggie,
          uniq_prince_ribbit1

Skill      XL: |  1  2  3  4  5  6  7  8 |
---------------+-------------------------+-----
Axes           | 4 5 6 7 8 9 10 12 | 12.6
Fighting       | 4 6 7 |  7.9
Armour         | |  2.4
Dodging        | |  2.1

Action                   |  1- 3 |  4- 6 |  7- 9 || total
-------------------------+-------+-------+-------++-------
Melee: Hand axe          |    86 |    71 |   123 ||   280
       Headbutt          |    10 |    10 |    19 ||    39
Invok: Berserk           |       |     3 |     6 ||     9
       Trog's Hand       |       |       |     1 ||     1
  Use: Potion            |       |       |     3 ||     3
Armor: Animal skin       |     3 |       |       ||     3
       Ring mail         |    18 |       |       ||    18
       Chain mail        |    25 |    50 |    49 ||   124
Dodge: Dodged            |    49 |    25 |    36 ||   110

Table legend: (Time is in decaauts)
 A = Elapsed time spent in this place.
 B = Non-inter-level travel time spent in this place.
 C = Inter-level travel time spent in this place.
 D = Time resting spent in this place.
 E = Time spent auto-exploring this place.
 F = Levels seen in this place.
 G = Mean time per level.
                   A        B        C        D        E       F      G
               +--------+--------+--------+--------+--------+-----+--------+
         Total |   4516 |   4387 |    129 |    234 |   3150 |   6 |  752.7 |
       Dungeon |   4516 |   4387 |    129 |    234 |   3150 |   6 |  752.7 |
               +--------+--------+--------+--------+--------+-----+--------+

Top non-repeatable levels by time:
     D:3: 983 daAuts
     D:4: 850 daAuts
     D:5: 829 daAuts
     D:2: 757 daAuts
     D:1: 618 daAuts
     D:6: 477 daAuts
